Map: [ESL] NeoHumanity

Players

Kelazhur - Winner!

  • Race: Terran Terran
  • Spawn Location: 5:00

Scarlett

  • Race: Zerg Zerg
  • Spawn Location: 11:00

Event: ESL SC2 Masters 2023 Summer (Regionals)

VOD

Have the link to the VOD?

Description

Time

  • Played on: May 7, 2023, 4:10 p.m.
  • Length: 15:28

All games in this series

Show
View Real Time Build Order
Export as new Build Order

Kelazhur Terran - Winner!

Build Orders: Reaper Expand, Hellion Banshee, Mech 

Get SALT Encoding   

  12  0:00  SCV  
  13  0:12  SCV  
  14  0:16  Supply Depot  
  14  0:24  SCV  
  15  0:38  SCV  
  15  0:39  Barracks  
  16  0:42  Refinery  
  16  0:50  SCV  
  17  1:02  SCV  
  18  1:14  SCV  
  19  1:26  Reaper  
  19  1:27  Orbital Command  
  20  1:38  Command Center  
  20  1:46  Supply Depot  
  20  1:52  SCV  
  21  1:58  Marine  
  22  2:05  Factory  
  22  2:08  SCV  
  23  2:20  SCV, Barracks Reactor  
  24  2:33  SCV  
  25  2:42  Command Center  
  25  2:45  SCV  
  26  2:51  Orbital Command  
  26  2:57  Starport  
  26  3:00  SCV  
  27  3:09  Hellion  
  27  3:11  Hellion  
  31  3:13  Barracks Tech Lab  
  31  3:15  SCV  
  31  3:19  Refinery  
  32  3:21  SCV  
  33  3:27  SCV  
  33  3:32  Hellion  
  33  3:33  Hellion  
  38  3:35  SCV  
  39  3:41  SCV  
  39  3:45  Banshee  
  39  3:47  SCV  
  44  3:54  Hellion x2  
  44  3:55  SCV  
  49  4:01  Orbital Command  
  49  4:07  SCV  
  49  4:09  SCV  
  49  4:14  Cloaking Field  
  49  4:15  Hellion x2  
  49  4:16  Refinery  
  53  4:17  Refinery  
  53  4:18  Marine  
  53  4:22  SCV  
  53  4:23  SCV  
  56  4:28  Supply Depot  
  56  4:29  SCV  
  57  4:33  Banshee  
  57  4:35  SCV  
  61  4:50  SCV x2, Hellion x2  
  61  4:51  SCV  
  66  4:54  Supply Depot  
  65  5:02  SCV x2  
  65  5:07  Orbital Command  
  64  5:10  Factory  
  64  5:12  Factory  
  64  5:14  SCV x2  
  65  5:17  Banshee  
  65  5:21  Hellion x2  
  72  5:26  SCV x2  
  74  5:28  Supply Depot  
  74  5:34  SCV  
  75  5:38  SCV x2  
  75  5:42  Engineering Bay  
  77  5:45  Armory  
  77  5:50  SCV x3  
  77  5:52  Hellion x2  
  77  5:55  Hyperflight Rotors  
  80  6:01  Factory Tech Lab  
  80  6:02  SCV x2, Factory Tech Lab, Banshee  
  80  6:03  Factory  
  85  6:05  Refinery, Factory  
  85  6:12  Refinery  
  85  6:35  Supply Depot x2  
  85  6:37  SCV x3, Cyclone, Hellion  
  93  6:40  Supply Depot x2  
  93  6:50  Factory Reactor, Factory Tech Lab  
  93  6:51  Mag-Field Accelerator  
  93  6:56  SCV x3, Cyclone, Banshee  
  93  6:57  Terran Vehicle Weapons Level 1, Hellion  
  93  6:59  Supply Depot  
  104  7:08  SCV x3  
  104  7:09  Command Center  
  104  7:14  Cyclone x2  
  113  7:20  SCV  
  114  7:25  Hellion x2  
  114  7:27  SCV x2  
  114  7:29  Siege Tank  
  123  7:33  SCV  
  124  7:37  Hellion x2  
  124  7:41  Supply Depot x2  
  125  7:47  Siege Tank  
  125  7:49  Siege Tank  
  129  7:52  Hellion x2  
  129  7:57  Armory  
  133  8:02  SCV, Siege Tank, Banshee  
  133  8:04  Supply Depot  
  133  8:05  Infernal Pre-Igniter  
  140  8:06  Supply Depot  
  140  8:15  Hellion x4  
  148  8:24  Siege Tank x2  
  152  8:29  Unknown, Missile Turret  
  152  8:30  Missile Turret  
  142  8:45  Siege Tank  
  144  8:48  Hellion  
  144  8:49  Hellion x2  
  144  8:52  Terran Vehicle And Ship Armor Level 1, Planetary Fortress  
  139  8:56  Siege Tank  
  139  8:58  Siege Tank  
  139  9:01  Missile Turret  
  145  9:03  Missile Turret  
  145  9:07  Missile Turret  
  145  9:12  Barracks Tech Lab  
  145  9:13  Banshee  
  145  9:14  Barracks x2  
  145  9:16  Ghost Academy  
  148  9:17  Siege Tank  
  148  9:19  SCV x3  
  148  9:24  Sensor Tower  
  154  9:26  Hellion  
  154  9:27  Missile Turret  
  154  9:31  SCV x2, Terran Vehicle Weapons Level 2  
  156  9:47  Siege Tank x2  
  162  9:53  Siege Tank, Hellion x3  
  161  10:08  Ghost  
  161  10:09  Barracks Tech Lab  
  161  10:10  Barracks Tech Lab  
  161  10:11  Hellion  
  161  10:19  Command Center  
  161  10:20  Command Center  
  161  10:37  Cyclone x3  
  161  10:38  Hellion x4  
  161  10:41  Supply Depot  
  161  10:42  SCV x2, Supply Depot  
  180  10:48  SCV x2  
  179  11:00  Ghost, Personal Cloaking  
  179  11:01  Ghost  
  179  11:02  Ghost  
  181  11:09  Cyclone  
  179  11:15  Siege Tank x2  
  179  11:16  Hellion x3  
  179  11:25  Factory  
  179  11:27  Factory  
  179  11:28  Ghost  
  179  11:29  Terran Vehicle And Ship Armor Level 2  
  179  11:30  Supply Depot, Factory, Ghost  
  183  11:33  Orbital Command  
  183  11:34  Ghost  
  194  11:57  Ghost  
  194  11:58  Ghost  
  198  12:08  Ghost  
  194  12:11  Factory Tech Lab  
  194  12:12  Viking, Factory Tech Lab  
  187  12:18  Thor x2  
  178  12:25  Ghost  
  178  12:27  Ghost  
  159  12:30  Thor  
  159  12:36  Ghost  
  142  12:43  Hellion x2  
  142  12:46  Hellion x2  
  142  12:54  Ghost  
  142  12:56  Ghost  
  141  13:00  Thor x2  
  149  13:11  Thor  
  151  13:15  Thor  
  151  13:17  Hellion x3  
  159  13:22  Viking  
  156  13:30  Planetary Fortress  
  156  13:31  SCV x5  
  156  13:33  Refinery, Hellion  
  163  13:34  Refinery  
  163  13:50  Thor  
  163  13:52  Hellion x4  
  177  14:01  Hellion  
  177  14:02  SCV x2  
  181  14:08  Hi-Sec Auto Tracking  
  181  14:10  Siege Tank  
  181  14:11  Hellion  
  181  14:15  Command Center  
  186  14:23  Siege Tank  
  186  14:24  Siege Tank  
  192  14:33  Siege Tank x2  
  198  14:40  Ghost  
  194  14:51  Siege Tank  
  191  14:53  Hellion x2  
  191  14:56  Siege Tank  
Show
View Real Time Build Order
Export as new Build Order

Scarlett Zerg 

Build Orders: Hatch First, Brood Lord Corruptor, Roach Hydra 

Get SALT Encoding   

  12  0:02  Drone  
  13  0:10  Drone  
  14  0:16  Extractor, Drone  
  15  0:36  Hatchery  
  15  0:40  Extractor  
  14  0:42  Drone  
  14  0:48  Overlord  
  15  1:02  Spawning Pool  
  14  1:07  Drone  
  14  1:10  Drone  
  16  1:13  Drone  
  17  1:18  Drone  
  18  1:29  Drone  
  19  1:40  Drone  
  20  1:48  Drone  
  20  1:49  Queen x2  
  20  1:51  Drone  
  26  2:01  Drone x2  
  28  2:12  Overlord  
  28  2:18  Extractor  
  28  2:21  Hatchery  
  25  2:30  Drone x3  
  25  2:33  Queen  
  30  2:38  Drone  
  30  2:40  Drone  
  32  2:44  Overlord  
  32  2:47  Drone  
  33  2:55  Drone x2  
  35  3:02  Drone x3  
  35  3:05  Drone x3  
  41  3:09  Overlord  
  41  3:14  Queen  
  41  3:18  Drone  
  44  3:20  Overlord  
  44  3:30  Drone  
  44  3:31  Drone x3  
  48  3:37  Drone x4  
  52  3:45  Roach Warren  
  52  3:47  Extractor  
  50  3:53  Drone x4  
  54  3:56  Lair  
  54  3:59  Drone x2  
  54  4:05  Drone x4  
  54  4:12  Drone x5  
  59  4:24  Extractor  
  59  4:25  Queen  
  59  4:28  Roach  
  59  4:29  Roach x2  
  66  4:38  Evolution Chamber  
  66  4:41  Overlord x2  
  63  4:49  Overlord  
  59  4:53  Overlord, Drone  
  59  4:57  Drone x3  
  58  5:01  Drone x8  
  58  5:05  Zerg Missile Weapons Level 1  
  63  5:09  Spore Crawler  
  63  5:10  Overseer, Spore Crawler  
  63  5:12  Drone  
  59  5:14  Drone x2  
  60  5:21  Drone x2  
  60  5:25  Drone  
  63  5:32  Extractor  
  63  5:35  Drone x6  
  68  5:36  Infestation Pit  
  68  5:41  Glial Reconstitution  
  67  5:43  Drone x2  
  67  5:48  Roach  
  69  5:53  Roach  
  67  5:57  Roach x4  
  74  6:05  Drone  
  74  6:06  Extractor  
  74  6:07  Extractor  
  74  6:11  Drone x4  
  77  6:17  Hive, Drone x2  
  79  6:22  Drone x4  
  83  6:30  Drone x4  
  87  6:39  Hatchery  
  86  6:42  Drone x3  
  89  6:50  Overlord, Drone  
  89  6:53  Hydralisk Den  
  89  6:57  Overlord, Drone  
  90  7:02  Queen  
  90  7:06  Zerg Missile Weapons Level 2  
  90  7:07  Queen  
  92  7:12  Drone x5  
  92  7:13  Drone x2  
  98  7:27  Unknown  
  98  7:28  Drone x9  
  106  7:34  Overlord x4  
  106  7:36  Muscular Augments  
  105  7:46  Hatchery  
  104  7:52  Viper  
  104  7:53  Viper x4  
  119  8:00  Drone  
  120  8:06  Drone x2  
  120  8:08  Hydralisk x4  
  120  8:09  Evolution Chamber  
  129  8:13  Hatchery  
  129  8:14  Spore Crawler  
  129  8:15  Hydralisk  
  129  8:16  Hydralisk  
  131  8:24  Drone x2  
  131  8:25  Overlord  
  133  8:28  Roach  
  133  8:31  Roach  
  133  8:33  Roach  
  129  8:47  Grooved Spines  
  119  8:54  Drone x3  
  119  8:55  Drone x5  
  127  9:01  Hydralisk x3  
  133  9:06  Spire  
  133  9:08  Zerg Melee Weapons Level 1  
  132  9:11  Drone x3  
  135  9:20  Hydralisk x4  
  135  9:22  Extractor x2  
  141  9:24  Drone  
  141  9:25  Spine Crawler, Drone  
  141  9:26  Spine Crawler  
  141  9:29  Drone x2  
  141  9:31  Drone x4  
  147  9:37  Hydralisk  
  149  9:40  Overlord x5  
  149  9:45  Spore Crawler  
  146  9:52  Overseer x4  
  146  9:53  Pneumatized Carapace  
  146  9:57  Drone x7  
  145  10:03  Drone x8  
  142  10:08  Drone  
  142  10:12  Drone  
  142  10:13  Drone  
  143  10:17  Hydralisk x5  
  153  10:21  Roach x2  
  153  10:24  Greater Spire  
  154  10:29  Hydralisk x3  
  154  10:35  Zerg Missile Weapons Level 3  
  160  10:37  Baneling Nest, Roach x4  
  165  10:51  Overlord x2  
  165  10:53  Drone x9  
  165  10:56  Spine Crawler x2  
  170  11:17  Corruptor x10  
  182  11:29  Zerg Melee Weapons Level 2  
  182  11:37  Zerg Flyer Weapons Level 1  
  169  11:55  Brood Lord x10  
  187  12:04  Roach x8  
  187  12:07  Hatchery  
  182  12:18  Hydralisk x7  
  182  12:25  Drone  
  182  12:26  Drone  
  150  12:34  Drone x13  
  157  12:43  Roach x3  
  157  12:44  Roach  
  154  12:48  Spore Crawler  
  154  12:49  Drone x3  
  150  12:56  Drone  
  150  12:57  Drone x4  
  149  12:59  Extractor  
  148  13:09  Drone x6  
  142  13:15  Roach  
  142  13:17  Centrifugal Hooks  
  142  13:18  Zerg Ground Armor Level 1  
  132  13:33  Metabolic Boost  
  132  13:34  Pathogen Glands  
  132  13:40  Drone x14  
  144  13:53  Overlord x3  
  144  14:00  Infestor x6  
  156  14:07  Spore Crawler  
  156  14:08  Spore Crawler  
  156  14:09  Spore Crawler  
  153  14:44  Drone  
  153  14:45  Drone x13  
  165  14:49  Zergling x12  
  166  15:01  Zergling x10  
Tags
 
Add a new tag
Caveats
  • Supply blocks, unpowered buildings, or Contaminate may cause inaccurate times.
  • Supply counts are checked every 10 seconds.